 Dungeon Crawl Stone Soup version 0.27-a0-1290-g15d3ce7508 (webtiles) character file.

Game seed: 18416647583507828980

145 Delamore the Poker (level 5, -3/42 HPs)
             Began as a Formicid Fighter on June 15, 2021.
             Killed by divine providence
             ... invoked by an orc priest
              (11 damage)
             ... on level 3 of the Dungeon.
             The game lasted 00:02:38 (2140 turns).

Delamore the Poker (Formicid Fighter)               Turns: 2140, Time: 00:02:39

Health: -3/42      AC: 10    Str: 22    XL:     5   Next: 53%
Magic:  5/5        EV:  6    Int:  7    God:
Gold:   36         SH:  9    Dex: 10    Spells: 4/4 levels left

rFire    . . .     SeeInvis +   a - +0 trident (vorpal)
rCold    . . .     Faith    .   c - +0 kite shield
rNeg     . . .     Spirit   .   h - +0 chain mail
rPois    .         Reflect  .   (helmet unavailable)
rElec    .         Harm     .   (no cloak)
rCorr    .         Rampage  .   g - +0 pair of gloves
Will     .....                  (no boots)
Stlth    ..........             (no amulet)
HPRegen  0.14/turn              (no ring)
MPRegen  0.09/turn              (no ring)

@: mighty
A: permanent stasis, dig shafts and tunnels, antennae 3, four strong arms
a: Dig, Shaft Self


You were on level 3 of the Dungeon.
You visited 1 branch of the dungeon, and saw 3 of its levels.

You collected 88 gold pieces.
You spent 52 gold pieces at shops.

Inventory:

Hand Weapons
 a - a +0 vorpal trident (weapon)
Armour
 c - a +0 kite shield (worn)
 g - a +0 pair of gloves (worn)
 h - a +0 chain mail (worn)
 j - a +0 plate armour
Jewellery
 f - a ring of ice
Potions
 e - a potion of haste


   Skills:
 + Level 4.1 Fighting
 * Level 4.7 Polearms
 - Level 3.2 Armour
 - Level 3.6 Shields


You had 4 spell levels left.
You didn't know any spells.
Your spell library contained the following spells:

 Spells                   Type           Power      Damage    Failure   Level
 Confusing Touch          Hex            0%         N/A       100%        3
 Gell's Gravitas          Tloc           0%         N/A       100%        3
 Petrify                  Tmut/Erth      0%         N/A       100%        4
 Metabolic Englaciation   Hex/Ice        0%         N/A       100%        5
 Yara's Violent Unravell  Hex/Tmut       0%         3d3       100%        5


Dungeon Overview and Level Annotations

Branches:
Dungeon (3/15)

Altars:
Xom

Shops:
D:2 **


Innate Abilities, Weirdness & Mutations

You cannot be hasted, slowed, berserked, paralysed or teleported.
You can dig through walls and to a lower floor.
You have a pair of large antennae on your head. (SInv)
Your four strong arms can wield two-handed weapons with a shield.


Message History

An orc priest comes into view. It is wielding a +0 flail.
Items here: )) [[ †.
You reach to attack!
You completely miss the orc priest. You block the orc priest's attack.
You closely miss the orc priest.
The orc priest hits you with a +0 hand axe.
Your chain mail prevents you from hitting the orc priest.
The orc priest hits you but does no damage.
You closely miss the orc priest. You block the orc priest's attack.
The orc priest looks satisfied for a moment.
The orc priest invokes the aid of Beogh against you.
Beogh smites you!
You are too injured to fight recklessly!
You are too injured to fight recklessly!
You are too injured to fight recklessly!
You are too injured to fight recklessly!
You are too injured to fight recklessly!
You are too injured to fight recklessly!
You are too injured to fight recklessly!
You are too injured to fight recklessly!
You are too injured to fight recklessly!
You are too injured to fight recklessly!
You are too injured to fight recklessly!
You are too injured to fight recklessly!
You are too injured to fight recklessly!
You are too injured to fight recklessly!
You hit the orc priest but do no damage.
The orc priest barely misses you.
You hit the orc priest.
The orc priest is moderately wounded.
You block the orc priest's attack.
The orc priest calls down the wrath of Beogh upon you.
Beogh smites you!
* * * LOW HITPOINT WARNING * * *
You feel better.
The orc priest hits you but does no damage.
You feel very mighty all of a sudden.
The orc priest invokes the aid of Beogh against you.
Beogh smites you!
You die...

# #......+....# #.#
#......#....# #.#
#......#.#### #.#
#........# #.#
#......###########.#
#####.......)......#
#.############.# #.#
#.# #@# ### #o# #o#
..# #.. ..# ###


You could see 2 orc priests.

Vanquished Creatures
  2 orc wizards (D:3)
  3 adders (D:2)
  2 worms (D:2)
  2 dart slugs
  An orc (D:3)
  8 endoplasms
  3 giant cockroaches
  6 goblins
  5 hobgoblins
  2 jackals (D:2)
  6 kobolds
  A quokka (D:1)
  4 ball pythons
  5 bats
  5 frilled lizards
  4 rats
59 creatures vanquished.

Notes
Turn   | Place    | Note
-------+----------+-------------------------------------------
     0 | D:1      | Delamore the Formicid Fighter began the quest for the Orb.
     0 | D:1      | Reached XP level 1. HP: 18/18 MP: 1/1
   249 | D:1      | Reached XP level 2. HP: 20/24 MP: 2/2
   454 | D:1      | Reached XP level 3. HP: 26/30 MP: 3/3
   797 | D:2      | Found a faded altar of an unknown god.
   798 | D:2      | Found Ecinaufy's Assorted Antiques.
   876 | D:2      | Bought a scroll labelled LUNAUL SOSHRIKK for 26 gold pieces
   880 | D:2      | Found a shimmering altar of Xom.
   896 | D:2      | Found Agoxaisu's Assorted Antiques.
  1136 | D:2      | Reached XP level 4. HP: 10/37 MP: 4/4
  2033 | D:2      | Bought a scroll labelled QYMOUW VAHI for 26 gold pieces
  2127 | D:3      | Reached XP level 5. HP: 40/42 MP: 5/5
  2140 | D:3      | Killed from afar by an orc priest

Illustrated notes

Levels and vault maps discovered:
D:1:      minmay_arrival_glassed_features, layout_rooms, minmay_tromino_i4
D:2:      cheibrodos_helix_gallery, layout_loops_ring, basic_ecumenical_altar,
          serial_shops, nicolae_shop_stone, shop, basic_altar,
          minmay_misc_feat_roman
D:3:      layout_basic, chequers_serial_rivers_micro_b

Skill      XL: |  1  2  3  4 |
---------------+-------------+-----
Polearms       | 3 4 |  4.7
Fighting       | 4 |  4.1
Armour         | |  3.2
Shields        | |  3.6

Action                   |  1- 3 |  4- 6 || total
-------------------------+-------+-------++-------
Melee: Trident           |   118 |    66 ||   184
 Abil: Dig               |     2 |       ||     2
  Use: Scroll            |     5 |     1 ||     6
       Potion            |       |     2 ||     2
Armor: Scale mail        |    15 |       ||    15
       Chain mail        |    48 |    16 ||    64
Dodge: Dodged            |    24 |    12 ||    36
Block: Kite shield       |    68 |    19 ||    87

Table legend: (Time is in decaauts)
 A = Elapsed time spent in this place.
 B = Non-inter-level travel time spent in this place.
 C = Inter-level travel time spent in this place.
 D = Time resting spent in this place.
 E = Time spent auto-exploring this place.
 F = Levels seen in this place.
 G = Mean time per level.
                   A        B        C        D        E       F      G
               +--------+--------+--------+--------+--------+-----+--------+
         Total |   2199 |   2087 |    112 |    214 |   1458 |   3 |  733.0 |
       Dungeon |   2199 |   2087 |    112 |    214 |   1458 |   3 |  733.0 |
               +--------+--------+--------+--------+--------+-----+--------+

Top non-repeatable levels by time:
     D:2: 1271 daAuts
     D:1: 821 daAuts
     D:3: 106 daAuts
